 Dungeon Crawl Stone Soup version 0.23.2-1-ga50397a (webtiles) character file.

Game seed: 8727311916249734474

37 w00t the Caller (level 3, -1/19 HPs)
             Began as a Deep Elf Summoner on May 25, 2019.
             Slain by a worm (12 damage)
             ... on level 2 of the Dungeon on May 26, 2019.
             The game lasted 00:02:47 (2908 turns).

w00t the Caller (Deep Elf Summoner)                 Turns: 2908, Time: 00:02:47

Health: -1/19      AC:  2    Str:  5    XL:     3   Next: 23%
Magic:  9/10       EV: 13    Int: 20    God:
Gold:   52         SH:  0    Dex: 15    Spells: 7/10 levels left

rFire    . . .     SeeInvis .   a - +0 spear
rCold    . . .     Gourm    .   (no shield)
rNeg     . . .     Faith    .   b - +0 robe
rPois    .         Spirit   .   (no helmet)
rElec    .         Reflect  .   (no cloak)
rCorr    .         Harm     .   (no gloves)
MR       .....                  (no boots)
Stlth    ++........             (no amulet)
HPRegen  0.06/turn              (no ring)
MPRegen  0.12/turn              (no ring)

@: no status effects
A: no striking features
a: no special abilities


You were on level 2 of the Dungeon.
You were not hungry.

You visited 1 branch of the dungeon, and saw 2 of its levels.

You collected 52 gold pieces.

Inventory:

Hand Weapons
 a - a +0 spear (weapon)
Missiles
 d - 18 sling bullets
 f - 38 stones (quivered)
Armour
 b - a +0 robe (worn)
Scrolls
 e - 2 scrolls of enchant weapon {unknown}
 g - a scroll of immolation {unknown}
 i - 5 scrolls of identify {unknown}
 j - a scroll of teleportation {unknown}
 k - a scroll of enchant armour {unknown}
Potions
 h - a potion of brilliance {unknown}
 m - a potion of mutation {unknown}
Comestibles
 c - 7 rations
 l - 2 chunks of flesh


   Skills:
 - Level 2.4 Dodging
 - Level 2.4 Stealth
 + Level 4.2 Spellcasting
 + Level 5.0 Summonings


You had 7 spell levels left.
You knew the following spells:

 Your Spells              Type           Power        Failure   Level  Hunger
i - Call Imp              Summ           ###.....     2%          2    #......
m - Summon Small Mammal   Summ           ###.         1%          1    None

Your spell library contained the following spells:

 Spells                   Type           Power        Failure   Level  Hunger
 Call Canine Familiar     Summ           ###.....     4%          3    ###....
 Summon Guardian Golem    Hex/Summ       ##......     13%         3    ###....
 Summon Ice Beast         Ice/Summ       ##......     41%         4    ####...
 Summon Lightning Spire   Summ/Air       ##......     41%         4    ####...


Dungeon Overview and Level Annotations

Branches:
Dungeon (2/15)

Altars:

Annotations:
D:1 exclusion: downstairs


Message History

The worm barely misses you.
You hit the worm.
The worm is heavily wounded.
The worm barely misses you.
You hit the worm.
The worm is severely wounded.
Your crimson imp blinks!
The worm bites you!
* * * LOW HITPOINT WARNING * * *
You are too injured to fight recklessly!
A worm is nearby!
You hit the worm.
The worm is severely wounded.
The stone completely misses your crimson imp.
A stone appears from out of your range of vision.
You hit the worm.
The worm is almost dead.
The worm bites you!
Ouch! That really hurt!
You die...

######.### #........
#........ ..(... ....
###'#########
#...........#####
###.##..........#
#.@..#..........#
#.w###..........#
..... ##.........#
5......# #.........#
.......(.#
#.........#
........(#
#<.......##
.........###........#
....#..#...'........#
#.#.######........#


You could see a worm and a friendly crimson imp.

Vanquished Creatures
  A dart slug (D:1)
  A leopard gecko (D:2)
  3 goblins (D:1)
  3 hobgoblins (D:1)
  4 kobolds
  A ball python (D:1)
  3 bats
  4 rats
20 creatures vanquished.

Vanquished Creatures (collateral kills)
  An adder (D:2)
  A giant cockroach (D:2)
  3 goblins (D:1)
  3 hobgoblins (D:1)
  2 kobolds (D:1)
  A ball python (D:2)
  A bat (D:1)
  2 frilled lizards (D:1)
  2 rats
16 creatures vanquished.

Grand Total: 36 creatures vanquished

Notes
Turn   | Place    | Note
-------+----------+-------------------------------------------
     0 | D:1      | w00t the Deep Elf Summoner began the quest for the Orb.
     0 | D:1      | Reached XP level 1. HP: 10/10 MP: 6/6
   381 | D:1      | Reached XP level 2. HP: 11/15 MP: 4/8
  1571 | D:1      | Learned a level 2 spell: Call Imp
  2274 | D:2      | Reached skill level 5 in Summonings
  2274 | D:2      | Reached XP level 3. HP: 13/19 MP: 5/10
  2908 | D:2      | Slain by a worm

Skill      XL: |  1  2 |
---------------+-------+-----
Spellcasting   | 4 |  4.2
Summonings     | 5 |  5.0
Dodging        | |  2.4
Stealth        | |  2.4

Action                   || total
-------------------------++-------
Melee: Spear             ||    83
Throw: Stone             ||    43
 Cast: Summon Small Mamm ||    21
       Call Imp          ||    12
 Stab: Sleeping          ||     3
       Distracted        ||     1
  Eat: Chunk             ||     6
Armor: Robe              ||     8
Dodge: Dodged            ||    36
